AoeStats
← Bonea

Arabia

507972193Analyzed
4v4 RM · 10d ago on Sep 20, 2026· 57m 48s· 8 players
Game mode
Random Map
Map size
Large (8 player)
Population
200
Speed
Normal
Resources
Standard
Victory
Conquest
Starting age
Dark Age
Ending age
Imperial Age
RankedLock teamsTeams togetherTeam positionsShared explorationLock speedFull tech treeHidden civsTurbo modeCheats
Victory
Defeat
🇬🇧 Franks · United Kingdom
1303
+15
🇨🇿 Maya · Czechia
1272
+17
🇫🇮 Ethiopians · Finland
1217
+19
🇱🇾 Burgundians · Libya
1200
+20
🇨🇳 Maya · China
1294
-18
🇨🇳 Gurjaras · China
1293
-18
🇦🇷 Magyars · Argentina
1284
-18
🇹🇷 Ethiopians · Türkiye
1263
-17
ELITE CJ MANAGER
7:18 Loom
9:51 Feudal Age
10:32 Double-Bit Axe
16:11 Fletching
21:01 Padded Archer Armor
20:59 Gold Mining
27:25 Castle Age
28:18 Bow Saw
27:35 Crossbowman
28:24 Bodkin Arrow
29:22 Horse Collar
32:35 Ballistics
35:18 Thumb Ring
37:49 Stone Mining
39:54 Wheelbarrow
39:08 Town Watch
44:26 Imperial Age
45:28 Arbalester
46:11 Bracer
GhosTSnihsa
6:48 Loom
9:14 Feudal Age
10:01 Double-Bit Axe
10:01 Horse Collar
19:22 Gold Mining
23:13 Castle Age
23:13 Scale Barding Armor
23:55 Bloodlines
23:57 Husbandry
24:40 Chain Barding Armor
24:58 Bow Saw
26:56 Wheelbarrow
30:51 Town Watch
31:23 Hand Cart
35:42 Fervor
39:24 Imperial Age
38:48 Fletching
39:03 Corvinian Army
39:37 Cavalier
40:53 Plate Barding Armor
40:43 Conscription
39:48 Elite Magyar Huszar
41:48 Bodkin Arrow
41:54 Padded Archer Armor
42:53 Paladin
49:54 Stone Mining
50:08 Heavy Plow
52:51 Parthian Tactics
53:20 Heavy Cavalry Archer
56:00 Chemistry
psrycc
0:37 Loom
14:55 Feudal Age
19:24 Castle Age
17:48 Horse Collar
18:09 Double-Bit Axe
18:19 Stone Mining
19:01 Scale Mail Armor
19:38 Pikeman
22:10 Wheelbarrow
21:54 Eagle Warrior
22:53 Gold Mining
25:22 Chain Mail Armor
26:19 Bow Saw
27:16 Forging
27:40 Squires
31:01 Heavy Plow
31:49 Iron Casting
35:08 Imperial Age
34:10 Stone Shaft Mining
34:26 Hand Cart
34:26 Arson
36:42 Holcans
37:08 Crop Rotation
37:10 Elite Eagle Warrior
39:12 Conscription
40:14 Plate Mail Armor
40:46 Blast Furnace
40:46 Halberdier
43:29 Two-Man Saw
44:37 Treadmill Crane
51:31 Guilds
53:28 Caravan
56:06 Murder Holes
Bonea
10:11 Loom
11:56 Feudal Age
16:51 Castle Age
15:00 Double-Bit Axe
14:56 Horse Collar
15:48 Fletching
17:04 Padded Archer Armor
17:06 Crossbowman
18:15 Bodkin Arrow
23:38 Wheelbarrow
24:15 Ballistics
32:09 Hand Cart
35:30 Imperial Age
34:47 Thumb Ring
34:31 Town Watch
36:15 Bracer
37:17 Chemistry
37:35 Siege Elephant
39:53 Conscription
42:25 Kshatriyas
42:45 Elite Elephant Archer
45:09 Bloodlines
45:00 Husbandry
47:57 Scale Mail Armor
48:08 Forging
48:21 Leather Archer Armor
49:12 Scale Mail Armor
49:23 Forging
49:44 Arson
51:22 Caravan
51:04 Light Cavalry
51:53 Scale Barding Armor
52:23 Iron Casting
53:25 Chain Barding Armor
53:43 Hussar
55:14 Elite Skirmisher
57:19 Coinage
somaster94
6:00 Loom
8:53 Feudal Age
9:32 Double-Bit Axe
16:19 Wheelbarrow
20:51 Castle Age
19:32 Forging
19:32 Scale Barding Armor
20:00 Forging
20:14 Gold Mining
22:02 Bow Saw
22:16 Husbandry
26:38 Chain Barding Armor
29:37 Town Watch
31:02 Gold Shaft Mining
33:21 Iron Casting
35:59 Hand Cart
38:26 Imperial Age
37:35 Light Cavalry
38:54 Stone Mining
40:09 Plate Barding Armor
38:55 Cavalier
41:13 Fortified Wall
41:08 Siege Engineers
42:44 Blast Furnace
49:40 Scale Mail Armor
49:41 Squires
49:22 Pikeman
50:26 Masonry
50:11 Murder Holes
50:28 Halberdier
51:47 Chain Mail Armor
53:59 Plate Mail Armor
54:55 Caravan
psychilli
1:03 Loom
10:54 Feudal Age
11:22 Double-Bit Axe
17:09 Horse Collar
20:43 Castle Age
18:35 Fletching
18:46 Padded Archer Armor
20:49 Crossbowman
21:28 Bodkin Arrow
22:43 Wheelbarrow
22:49 Bow Saw
28:18 Leather Archer Armor
29:44 Ballistics
31:09 Town Watch
36:27 Gold Mining
39:41 Imperial Age
36:35 Elite Skirmisher
37:18 Squires
38:03 Thumb Ring
39:17 Hand Cart
39:24 Stone Mining
40:55 Conscription
41:48 Chemistry
47:55 Heavy Plow
49:56 Ring Archer Armor
51:11 Bracer
51:51 Town Patrol
52:56 Forging
52:46 Scale Mail Armor
54:43 Two-Man Saw
54:45 Murder Holes
57:32 Arson
boxe
7:27 Loom
9:52 Feudal Age
10:05 Wheelbarrow
10:56 Double-Bit Axe
14:52 Horse Collar
15:36 Heavy Plow
21:09 Castle Age
20:42 Hand Cart
21:44 Scale Barding Armor
21:49 Forging
22:08 Squires
22:36 Husbandry
22:56 Bow Saw
22:51 Cavalier
24:07 Gold Mining
26:51 Chain Barding Armor
28:50 Gold Shaft Mining
29:31 Crop Rotation
32:25 Iron Casting
38:43 Imperial Age
37:54 Burgundian Vineyards
39:24 Elite Coustillier
40:44 Conscription
41:25 Plate Barding Armor
40:55 Stone Mining
43:43 Blast Furnace
47:25 Stone Shaft Mining
49:18 Scale Mail Armor
50:27 Chain Mail Armor
51:16 Arson
52:20 Plate Mail Armor
55:19 Caravan
pavifa
0:29 Loom
11:10 Feudal Age
12:00 Double-Bit Axe
14:44 Padded Archer Armor
15:41 Gold Mining
16:53 Fletching
22:26 Horse Collar
24:37 Wheelbarrow
28:53 Castle Age
30:10 Bow Saw
30:02 Heavy Plow
29:56 Stone Mining
29:29 Crossbowman
30:14 Thumb Ring
30:06 Bodkin Arrow
30:26 Leather Archer Armor
36:21 Hand Cart
37:25 Town Watch
37:06 Elite Skirmisher
38:56 Ballistics
41:02 Stone Shaft Mining
41:17 Hul'che Javelineers
47:23 Imperial Age
44:54 Town Patrol
45:03 Pikeman
45:43 Squires
45:28 Arson
45:53 Scale Mail Armor
46:04 Forging
48:24 Iron Casting
48:04 Chain Mail Armor
47:31 Halberdier
47:40 Arbalester
48:47 Conscription
50:01 Chemistry
49:38 Masonry
51:29 Plate Mail Armor
51:59 Blast Furnace
56:56 Caravan
Connection lost

Rejoining the realm…

Still unreachable

The connection could not be restored.

Session expired

The server has moved on; the page needs a fresh start.